 Dungeon Crawl Stone Soup version 0.18.1-1-g2f07953 (webtiles) character file.

8552 protoss039 the Cleaver (level 11, -42/99 HPs)
             Began as a Minotaur Berserker on May 7, 2016.
             Was an Elder of Trog.
             Annihilated by a titanic slime creature (65 damage)
             ... on level 10 of the Dungeon.
             The game lasted 01:05:11 (10557 turns).

protoss039 the Cleaver (Minotaur Berserker)        Turns: 10557, Time: 01:05:12

Health: -42/99     AC: 13    Str: 24    XL:     11   Next: 11%
Magic:  10/10      EV: 14    Int:  4    God:    Trog [****..]
Gold:   1054       SH: 11    Dex: 14    Spells: 0 memorised, 10 levels left

rFire  + + .     SeeInvis .     E - +2 war axe (flame)
rCold  x . .     Gourm    .     H - +1 fire dragon armour
rNeg   . . .     Faith    .     D - +0 shield
rPois  +         Spirit   .     (helmet restricted)
rElec  .         Dismiss  .     l - +0 cloak
rCorr  .         Reflect  .     (no gloves)
SustAt .         Harm     .     (no boots)
MR     .....                    h - amulet of rage
Stlth  ..........               x - +3 ring of dexterity
                                n - ring of poison resistance

@: not resistant to hostile enchantments, extremely unstealthy
A: retaliatory headbutt, horns 2, wild magic 1
a: Berserk, Trog's Hand, Brothers in Arms, Burn Spellbooks, Renounce Religion,
Evoke Berserk Rage


You were on level 10 of the Dungeon.
You worshipped Trog.
Trog was greatly pleased with you.
You were not hungry.

You visited 2 branches of the dungeon, and saw 11 of its levels.
You also visited: Bailey.

You collected 1155 gold pieces.
You spent 101 gold pieces at shops.

Inventory:

Hand Weapons
 i - a cursed +3 war axe of freezing
 E - a +2 war axe of flaming (weapon)
Armour
 l - a +0 cloak (worn)
 A - a +3 leather armour of magic resistance
 D - a +0 shield (worn)
 H - a +1 fire dragon armour (worn)
Jewellery
 f - an uncursed ring of sustain attributes
 h - an amulet of rage (around neck)
 n - a ring of poison resistance (left hand)
 x - a +3 ring of dexterity (right hand)
 O - an uncursed ring of protection from cold {unknown}
 P - an uncursed ring of ice
Wands
 m - a wand of slowing (26/48)
 o - a wand of iceblast (12/15)
 s - a wand of lightning (9/15)
 y - a wand of random effects (29/48)
 F - a wand of flame (22/48)
 J - a wand of enslavement (7/24)
 L - a wand of confusion (20/48)
Scrolls
 b - 3 scrolls of remove curse
 j - 3 scrolls of recharging
 r - a scroll of fog
 u - a scroll of teleportation
 v - 4 scrolls of enchant weapon
 w - a scroll of magic mapping
 C - 3 scrolls of enchant armour
Potions
 a - a potion of heal wounds
 d - 3 potions of curing
 e - 2 potions of lignification
 p - a potion of berserk rage {unknown}
 q - a potion of agility
 t - 2 potions of might {unknown}
 z - 2 potions of brilliance
 B - 2 potions of haste
 I - 2 potions of flight
Miscellaneous
 G - a disc of storms
 N - a disc of storms
Comestibles
 c - 9 bread rations
 g - 3 royal jellies
 k - 6 meat rations
 K - 2 beef jerkies
 Q - a slice of pizza


   Skills:
 + Level 10.1 Fighting
 + Level 10.5 Axes
 + Level 8.4 Armour
 + Level 10.1 Dodging
 + Level 2.8 Stealth
 + Level 6.3 Shields
 + Level 0.1 Evocations


You had 10 spell levels left.
You didn't know any spells.

Dungeon Overview and Level Annotations

Branches:
Dungeon (10/15)            Temple (1/1) D:6            Lair (0/8) D:9
    Orc (0/2) D:10

Altars:
Ashenzari
Cheibriados
Dithmenos
Elyvilon
Fedhas
Gozag
Kikubaaqudgha
Makhleb
Nemelex Xobeh
Okawaru
Pakellas
Qazlal
Ru
Sif Muna
Trog
Vehumet
Xom
Yredelemnul
Zin
The Shining One

Shops:
D:6 *   D:8 }


Innate Abilities, Weirdness & Mutations

You reflexively headbutt those who attack you in melee.
You have a pair of horns on your head.
Your spells are a little harder to cast, but a little more powerful.


Message History

You hit the titanic slime creature but do no damage.
The titanic slime creature is lightly wounded.
The titanic slime creature closely misses you.
You furiously retaliate!
You headbutt the titanic slime creature.
You slice the titanic slime creature!! You burn the titanic slime creature!
You headbutt the titanic slime creature.
The titanic slime creature is moderately wounded.
The titanic slime creature hits you.
You block the titanic slime creature's attack.
You hit the titanic slime creature. You burn the titanic slime creature.
The titanic slime creature is moderately wounded.
The titanic slime creature hits you!!!
Ouch! That really hurt!
* * * LOW HITPOINT WARNING * * *
You slash the titanic slime creature! You burn the titanic slime creature.
The titanic slime creature is moderately wounded.
The titanic slime creature hits you!!!
Ouch! That really hurt!
You die...

....## #.#.# .....#
#.#.# ####.#
#.#.### #.###.#...#
#.....###.#
############.#
.............#
.##################
.# #.....J@.# .#
#.######.# .#
######.### .#
..........# .#
#######.#.# .#
#.#.# ## #.#.#
#.#.# ##### #.#.#


You could see a titanic slime creature.

Vanquished Creatures
  The ghost of tsouns the Basher, a novice TeHu of Trog (D:8)
  A hill giant (D:10)
  The ghost of ThereIsNoGod the Covert, a novice SpAs (D:5)
  Grinder (D:5)
  A troll (D:10)
  4 yaks (D:9)
  2 wyverns
  2 hungry ghosts
  A hippogriff (D:8)
  Menkaure (D:7)
  A water moccasin (D:6)
  6 orc warriors
  A swamp drake (D:10)
  2 ice beasts
  4 sky beasts
  2 necrophages
  A phantom (D:10)
  3 ogres
  A wasp (D:8)
  A centaur (D:9)
  A big kobold (D:9)
  6 giant frogs
  7 gnoll sergeants
  4 scorpions
  4 killer bees (D:10)
  5 wights (D:6)
  A howler monkey (D:8)
  3 crimson imps
  2 jellies
  2 centaur zombies (D:8)
  3 giant frog zombies
  2 gnoll shamans (Bailey)
  5 hounds
  A giant frog skeleton (D:10)
  8 orc priests
  15 orc wizards
  6 worker ants
  Natasha (thrice) (D:2)
  Terence (D:3)
  A killer bee zombie (D:7)
  A hound zombie (D:9)
  A hound skeleton (D:4)
  10 adders
  16 gnolls
  3 shadow imps
  A white imp (D:7)
  3 worms
  6 giant geckos
  33 orcs
  6 bats
  5 giant cockroaches
  4 goblins
  5 hobgoblins
  19 jackals
  5 quokkas
  A giant gecko skeleton (D:4)
  5 giant newts
  17 kobolds
  3 rats
261 creatures vanquished.

Vanquished Creatures (collateral kills)
  2 gnoll sergeants (Bailey)
  4 gnoll shamans (Bailey)
  6 gnolls (Bailey)
12 creatures vanquished.

Vanquished Creatures (others)
  Blork the orc (D:5)
  An orc (D:10)
2 creatures vanquished.

Grand Total: 275 creatures vanquished

Notes
Turn   | Place    | Note
--------------------------------------------------------------
     0 | D:1      | protoss039 the Minotaur Berserker began the quest for the Orb.
     0 | D:1      | Reached XP level 1. HP: 19/19 MP: 0/0
   504 | D:1      | Reached XP level 2. HP: 24/27 MP: 1/1
   951 | D:2      | Reached XP level 3. HP: 24/33 MP: 2/2
  1170 | D:2      | Reached ** piety under Trog
  1416 | D:2      | Noticed Natasha
  1421 | D:2      | Killed Natasha
  1421 | D:2      | Reached XP level 4. HP: 31/41 MP: 3/3
  1523 | D:2      | Noticed Natasha
  1533 | D:2      | Killed Natasha
  1791 | D:2      | Noticed Natasha
  1795 | D:2      | Killed Natasha
  1795 | D:2      | Reached XP level 5. HP: 47/47 MP: 4/4
  2339 | D:3      | Noticed Terence
  2362 | D:3      | Killed Terence
  3233 | D:4      | Noticed an ogre
  3240 | D:4      | Killed an ogre
  3240 | D:4      | Reached skill level 5 in Fighting
  3240 | D:4      | Reached skill level 5 in Axes
  3240 | D:4      | Reached XP level 6. HP: 56/56 MP: 5/5
  3394 | D:4      | Reached skill level 5 in Dodging
  3766 | D:5      | Entered Level 5 of the Dungeon
  3766 | D:5      | Noticed ThereIsNoGod's ghost (novice SpAs)
  3771 | D:5      | Killed ThereIsNoGod's ghost
  3771 | D:5      | Reached skill level 1 in Stealth
  3771 | D:5      | Reached skill level 1 in Shields
  3771 | D:5      | Reached XP level 7. HP: 63/63 MP: 6/6
  3956 | D:5      | Reached *** piety under Trog
  4127 | D:5      | Noticed Grinder
  4129 | D:5      | Noticed Blork the orc
  4134 | D:5      | Killed Grinder
  4134 | D:5      | Reached XP level 8. HP: 71/71 MP: 7/7
  4143 | D:5      | Killed Blork the orc
  4145 | D:5      | Found a deep blue altar of Sif Muna.
  4382 | D:5      | Found a sparkling altar of Nemelex Xobeh.
  4705 | D:6      | Reached skill level 5 in Armour
  4755 | D:6      | Found Gaevonn's Assorted Antiques.
  4767 | D:6      | Bought a runed war axe for 101 gold pieces
  5508 | D:6      | Reached XP level 9. HP: 81/81 MP: 8/8
  5652 | D:6      | Found a staircase to the Ecumenical Temple.
  5666 | Temple   | Entered the Ecumenical Temple
  5866 | D:7      | Found a blossoming altar of Fedhas.
  5903 | D:7      | Noticed Menkaure
  5912 | D:7      | Killed Menkaure
  6500 | D:7      | Reached **** piety under Trog
  6535 | D:7      | Got a faintly humming robe
  6680 | D:7      | Found an oddly glowing altar of Pakellas.
  6686 | D:7      | Found a bloodstained altar of Trog.
  6686 | D:7      | Found a shadowy altar of Dithmenos.
  6690 | D:7      | Found a glowing silver altar of Zin.
  6802 | D:8      | Received a gift from Trog
  6961 | D:8      | Found Zann's Gadget Emporium.
  7169 | D:8      | Noticed tsouns's ghost (novice TeHu)
  7178 | D:8      | Killed tsouns's ghost
  7178 | D:8      | Reached XP level 10. HP: 91/91 MP: 9/9
  7737 | D:9      | Found a flagged portal.
  7841 | Bailey   | Entered a bailey
  7878 | Bailey   | Reached skill level 10 in Axes
  7900 | Bailey   | Received a gift from Trog
  8000 | Bailey   | Reached skill level 5 in Shields
  8467 | D:9      | Found a staircase to the Lair.
  8828 | D:10     | Entered Level 10 of the Dungeon
  8903 | D:10     | Noticed a hill giant
  8910 | D:10     | Killed a hill giant
  8910 | D:10     | Reached skill level 10 in Fighting
  8910 | D:10     | Reached skill level 10 in Dodging
 10156 | D:10     | Reached XP level 11. HP: 85/99 MP: 10/10
 10290 | D:10     | Found a staircase to the Orcish Mines.
 10382 | D:10     | Gained mutation: Your spells are a little harder to cast, but a little more powerful. [mutagenic meat]
 10557 | D:10     | Annihilated by a titanic slime creature

Skill      XL: |  1  2  3  4  5  6  7  8  9 10 |
---------------+-------------------------------+-----
Axes           | 4 5 6 7 9 10 | 10.5
Fighting       | 4 5 6 7 9 10 | 10.1
Dodging        | 3 4 6 7 8 10 | 10.1
Armour         | 3 4 5 6 8 |  8.4
Stealth        | 1 2 |  2.8
Shields        | 1 2 4 6 |  6.3
Evocations     | |  0.1

Action                   |  1- 3 |  4- 6 |  7- 9 | 10-12 || total
-------------------------+-------+-------+-------+-------++-------
Melee: Hand axe          |    52 |   117 |    61 |       ||   230
       Headbutt          |    11 |    22 |    58 |    59 ||   150
       War axe           |       |       |   149 |   244 ||   393
Invok: Berserk           |     1 |     6 |     5 |     5 ||    17
       Trog's Hand       |       |     4 |     5 |     6 ||    15
       Burn Spellbooks   |       |       |     2 |     2 ||     4
       Brothers in Arms  |       |       |       |     1 ||     1
Evoke: Wand              |       |       |     1 |       ||     1
  Use: Scroll            |     2 |    12 |     5 |     4 ||    23
       Potion            |       |       |     3 |     3 ||     6
 Stab: Sleeping          |       |       |     1 |       ||     1
  Eat: Chunk             |     2 |    12 |     2 |     6 ||    22
       Beef jerky        |       |     1 |       |     2 ||     3
       Meat ration       |       |       |     2 |     1 ||     3
       Bread ration      |       |       |     1 |     2 ||     3
Armor: Animal skin       |     1 |       |       |       ||     1
       Leather armour    |    19 |    21 |    16 |       ||    56
       Ring mail         |       |     4 |    12 |       ||    16
       Fire dragon armou |       |       |    14 |   178 ||   192
Dodge: Dodged            |    59 |    70 |   102 |   166 ||   397
Block: Buckler           |       |    16 |    12 |       ||    28
       Shield            |       |       |    52 |   175 ||   227
